 Dungeon Crawl Stone Soup version 0.23.2-33-g5129a83184 (webtiles) character file.

Game seed: 2609208258990401152

668 Kold the Insei (level 7, -6/43 HPs)
             Began as an Octopode Transmuter on July 20, 2019.
             Was a Follower of Cheibriados.
             Killed by nerve-wracking pain
             ... invoked by Grinder
              (14 damage)
             ... on level 5 of the Dungeon.
             The game lasted 00:06:32 (4603 turns).

Kold the Insei (Octopode Transmuter)                Turns: 4603, Time: 00:06:32

Health: -6/43      AC:  1    Str: 15    XL:     7   Next: 58%
Magic:  7/10       EV: 16    Int: 17    God:    Cheibriados [*.....]
Gold:   293        SH:  0    Dex: 15    Spells: 4/10 levels left

rFire    . . .     SeeInvis .     - Unarmed
rCold    . . .     Gourm    .   (no shield)
rNeg     . . .     Faith    .   (helmet restricted)
rPois    .         Spirit   .   (no amulet)
rElec    .         Reflect  .   f - +2 ring of strength
rCorr    +         Harm     .   o - ring of protection from magic
MR       +....                  t - ring of resist corrosion
Stlth    ++++......             (no ring)
HPRegen  0.14/turn              (no ring)
MPRegen  0.12/turn              (no ring)
                                (no ring)
                                (no ring)

@: very slow
A: almost no armour, stealthy swim, amphibious, 8 rings, constrict 8, camouflage
1, gelatinous body 1
a: Bend Time, Renounce Religion


You were on level 5 of the Dungeon.
You worshipped Cheibriados.
Cheibriados was aware of your devotion.
You were not hungry.

You visited 2 branches of the dungeon, and saw 7 of its levels.

You collected 293 gold pieces.

Inventory:

Missiles
 a - 60 arrows
Armour
 v - a +1 buckler
Jewellery
 f - a +2 ring of strength (left tentacle)
 o - a ring of protection from magic (right tentacle)
 r - a +3 ring of intelligence
 t - a ring of resist corrosion (on tentacle)
Wands
 i - a wand of iceblast (7)
Scrolls
 b - 8 scrolls of identify
 e - a scroll of blinking
 h - 2 scrolls of fog
 k - a scroll of teleportation
 l - a scroll of enchant armour
Potions
 g - 2 potions of curing
 j - 2 potions of cancellation {unknown}
 m - 2 potions of heal wounds {unknown}
 n - a potion of flight {unknown}
 s - 2 potions of resistance {unknown}
 x - 2 potions of agility {unknown}
 z - a potion of lignification {unknown}
Comestibles
 c - 9 rations


   Skills:
 - Level 1.0 Fighting
 + Level 4.6 Dodging
 - Level 4.0 Stealth
 + Level 5.1 Unarmed Combat
 - Level 2.0 Spellcasting
 + Level 4.5 Transmutations
 + Level 1.7 Poison Magic


You had 4 spell levels left.
You knew the following spells:

 Your Spells              Type           Power        Failure   Level  Hunger
a - Beastly Appendage     Tmut           ###...       3%          1    #......
b - Spider Form           Tmut/Pois      ##........   16%         3    ###....
c - Sticks to Snakes      Tmut           ###.....     4%          2    ###....

Your spell library contained the following spells:

 Spells                   Type           Power        Failure   Level  Hunger
 Ice Form                 Ice/Tmut       #.......     58%         4    #####..
 Blade Hands              Tmut           ###.......   63%         5    ######.


Dungeon Overview and Level Annotations

Branches:
Dungeon (6/15)             Temple (1/1) D:4

Altars:
Ashenzari
Cheibriados
Dithmenos
Elyvilon
Fedhas
Kikubaaqudgha
Makhleb
Nemelex Xobeh
Okawaru
Qazlal
Ru
Sif Muna
Trog
Xom
Yredelemnul
Zin
The Shining One

Annotations:
D:5 Grinder
D:6 Edmund


Innate Abilities, Weirdness & Mutations

You cannot wear most types of armour.
You are very stealthy in the water. (Stealth+)
You are amphibious.
You can wear up to eight rings at the same time.
You can use your tentacles to constrict eight enemies at once.
Your skin changes colour to match your surroundings (Stealth+).
Your rubbery body absorbs attacks. (AC +1, EV +1)


Message History

Grinder gestures at you. Pain shoots through your body!
You hit Grinder.
Grinder is poisoned.
Grinder is severely wounded.
Grinder hits you.
* * * LOW HITPOINT WARNING * * *
You writhe in agony.
* * * LOW HITPOINT WARNING * * *
It was a potion of curing.
You feel better.
Grinder blinks!
Your transformation has ended.
You closely miss Grinder. Your grab misses Grinder.
Grinder is severely wounded.
Grinder hits you!
* * * LOW HITPOINT WARNING * * *
You writhe in agony.
* * * LOW HITPOINT WARNING * * *
You feel better. Grinder gestures at you. Pain shoots through your body!
You die...

#####..#####
#.#####.......##### .......#
#.# ##....### ## ######.#
#.# #....# ##. #.# #.#
#.#.######.# #.# ####.#
#......[..## #.#
##....########.#####..#
#.####.###................#.
#......# #5########.########
######.###.@SS.>)...#
##...########### #####


You could see Grinder and 2 friendly ball pythons.

Vanquished Creatures
  An ice beast (D:6)
  2 ogres
  A water moccasin zombie (D:5)
  A crimson imp (D:5)
  A jelly (D:5)
  An orc priest (D:3)
  2 hounds (D:4)
  A bullfrog skeleton (D:5)
  3 worker ants
  3 adders
  An adder skeleton (D:4)
  A worm (D:3)
  A dart slug (D:4)
  2 leopard geckos
  11 orcs
  4 bats
  6 giant cockroaches
  4 goblins
  6 hobgoblins
  4 jackals (D:4)
  8 kobolds
  A quokka (D:5)
  3 frilled lizards
  5 rats
73 creatures vanquished.

Notes
Turn   | Place    | Note
-------+----------+-------------------------------------------
     0 | D:1      | Kold the Octopode Transmuter began the quest for the Orb.
     0 | D:1      | Reached XP level 1. HP: 13/13 MP: 3/3
   308 | D:1      | Reached XP level 2. HP: 7/18 MP: 5/5
   503 | D:1      | Reached skill level 1 in Stealth
  1192 | D:2      | Reached XP level 3. HP: 20/23 MP: 4/6
  1201 | D:2      | Found a glowing silver altar of Zin.
  1394 | D:2      | Found a shadowy altar of Dithmenos.
  1583 | D:3      | Reached XP level 4. HP: 10/28 MP: 7/7
  2590 | D:4      | Reached XP level 5. HP: 29/33 MP: 6/8
  2683 | D:4      | Noticed an ogre
  2700 | D:4      | Killed an ogre
  2700 | D:4      | Reached skill level 4 in Unarmed Combat
  2832 | D:4      | Reached XP level 6. HP: 23/38 MP: 9/9
  2846 | D:4      | Found a staircase to the Ecumenical Temple.
  2872 | Temple   | Entered the Ecumenical Temple
  3100 | Temple   | Became a worshipper of Cheibriados the Contemplative
  3513 | D:5      | Entered Level 5 of the Dungeon
  3956 | D:5      | Learned a level 3 spell: Spider Form
  3959 | D:5      | Learned a level 2 spell: Sticks to Snakes
  3977 | D:5      | Found a glowing golden altar of the Shining One.
  4064 | D:5      | Reached * piety under Cheibriados
  4064 | D:5      | Reached XP level 7. HP: 32/43 MP: 10/10
  4117 | D:5      | Reached skill level 1 in Poison Magic
  4511 | D:6      | Reached skill level 5 in Unarmed Combat
  4583 | D:6      | Noticed Grinder
  4583 | D:6      | Noticed Edmund
  4602 | D:5      | HP: 2/43 [Grinder (2)]
  4603 | D:5      | Killed from afar by Grinder

Skill      XL: |  1  2  3  4  5  6  7 |
---------------+----------------------+-----
Stealth        | 1 2 3 4 |  4.0
Dodging        | 3 4 |  4.6
Transmutations | 3 4 |  4.5
Unarmed Combat | 4 5 |  5.1
Poison Magic   | 1 |  1.7
Fighting       | |  1.0
Spellcasting   | |  2.0

Action                   |  1- 3 |  4- 6 |  7- 9 || total
-------------------------+-------+-------+-------++-------
Melee: Unarmed           |    75 |   101 |    26 ||   202
       Constrict         |    22 |    20 |       ||    42
       Kick              |    11 |    25 |     3 ||    39
       Punch             |     3 |     2 |     1 ||     6
       Tentacles         |    11 |    15 |     3 ||    29
 Cast: Beastly Appendage |    13 |    21 |     2 ||    36
       Spider Form       |       |       |     2 ||     2
       Sticks to Snakes  |       |       |     2 ||     2
  Use: Scroll            |       |       |     8 ||     8
       Potion            |       |       |     2 ||     2
 Stab: Sleeping          |     6 |     8 |     2 ||    16
       Distracted        |       |       |     1 ||     1
  Eat: Chunk             |     2 |     6 |     1 ||     9
       Ration            |       |     1 |       ||     1
Armor: Skin              |    14 |     5 |       ||    19
Dodge: Dodged            |    54 |    52 |    15 ||   121
